AoeStats
← pablonahuels_

Arena

509718119Analyzed
4v4 RM · 4d ago on Sep 27, 2026· 65m 46s· 8 players
Game mode
Random Map
Map size
Large (8 player)
Population
200
Speed
Normal
Resources
Standard
Victory
Conquest
Starting age
Dark Age
Ending age
Imperial Age
RankedLock teamsTeams togetherTeam positionsShared explorationLock speedFull tech treeHidden civsTurbo modeCheats
Victory
Defeat
🇩🇪 Franks · Germany
734
+13
🇦🇷 Byzantines · Argentina
726
+13
🇲🇽 Romans · Mexico
719
+14
🇳🇴 Koreans · Norway
634
+17
🇦🇷 Saracens · Argentina
691
-15
🇦🇷 Mongols · Argentina
674
-15
🇦🇷 Teutons · Argentina
665
-14
🇵🇪 Vietnamese · Peru
641
-13
Tsunami
10:22 Feudal Age
8:40 Loom
14:37 Castle Age
15:01 Wheelbarrow
14:56 Horse Collar
15:04 Double-Bit Axe
21:10 Hand Cart
21:54 Bow Saw
21:52 Heavy Plow
23:07 Bloodlines
23:33 Fletching
23:47 Padded Archer Armor
24:22 Gold Mining
25:38 Bodkin Arrow
25:58 Leather Archer Armor
25:58 Husbandry
35:53 Imperial Age
35:34 Leather Archer Armor
35:45 Stone Mining
36:30 Gold Shaft Mining
39:09 Cavalier
44:22 Ballistics
44:09 Elite Mangudai
47:18 Scale Barding Armor
48:50 Nomads
49:11 Conscription
52:59 Chemistry
55:24 Chain Barding Armor
55:15 Forging
Althair
11:14 Feudal Age
11:56 Double-Bit Axe
11:54 Horse Collar
12:55 Wheelbarrow
17:57 Gold Mining
18:02 Stone Mining
21:50 Castle Age
22:53 Hand Cart
33:16 Caravan
33:33 Pikeman
34:33 Heavy Plow
37:23 Padded Archer Armor
37:14 Fletching
44:21 Ballistics
44:20 Leather Archer Armor
44:00 Bodkin Arrow
46:41 Imperial Age
45:26 Squires
45:12 Arson
49:08 Scale Mail Armor
49:18 Forging
49:45 Bow Saw
49:44 Crossbowman
50:30 Thumb Ring
52:52 Paper Money
53:51 Halberdier
53:59 Arbalester
55:13 Ring Archer Armor
54:43 Bracer
56:42 Chemistry
55:25 Treadmill Crane
55:10 Elite Skirmisher
56:08 Onager
63:16 Imperial Skirmisher
64:54 Bombard Tower
64:20 Arrowslits
Narubl
7:48 Loom
11:16 Feudal Age
12:47 Double-Bit Axe
14:00 Horse Collar
20:31 Castle Age
19:14 Gold Mining
21:06 Wheelbarrow
23:08 Town Watch
25:40 Man-at-Arms
30:12 Imperial Age
28:16 Hand Cart
27:56 Stone Mining
31:27 Gold Shaft Mining
32:16 Bow Saw
34:02 Chemistry
33:58 Heavy Plow
35:01 Crossbowman
39:20 Elite Mameluke
40:13 Long Swordsman
40:39 Gambesons
40:56 Squires
40:18 Pikeman
46:06 Scale Barding Armor
46:12 Forging
45:55 Fletching
46:06 Padded Archer Armor
47:18 Caravan
47:44 Conscription
48:00 Bimaristan
48:54 Two-Man Saw
48:18 Town Patrol
48:31 Elite Skirmisher
49:17 Thumb Ring
51:16 Ballistics
51:07 Masonry
50:53 Murder Holes
51:34 Scale Mail Armor
52:10 Iron Casting
51:32 Bodkin Arrow
52:39 Chain Mail Armor
53:35 Fortified Wall
53:13 Arrowslits
54:02 Coinage
54:36 Blast Furnace
61:12 Imperial Skirmisher
62:01 Bracer
pablonahuels_
0:47 Loom
10:58 Feudal Age
17:55 Castle Age
21:35 Double-Bit Axe
25:16 Man-at-Arms
25:57 Horse Collar
31:03 Gold Mining
31:03 Stone Mining
31:59 Bloodlines
33:45 Bow Saw
37:43 Heavy Plow
41:37 Stone Shaft Mining
56:09 Crossbowman
56:09 Elite Skirmisher
61:15 Wheelbarrow
KeepItSimple
11:31 Feudal Age
12:07 Double-Bit Axe
16:25 Castle Age
15:53 Gold Mining
16:30 Scale Barding Armor
17:14 Stone Mining
18:33 Wheelbarrow
18:11 Stone Mining
19:00 Bow Saw
21:19 Fletching
21:22 Loom
21:28 Town Watch
22:06 Forging
25:18 Iron Casting
26:51 Hand Cart
27:44 Chain Barding Armor
29:48 Bodkin Arrow
31:21 Husbandry
32:18 Gold Shaft Mining
36:08 Imperial Age
34:15 Town Patrol
34:20 Scale Mail Armor
39:28 Hoardings
39:14 Conscription
41:08 Blast Furnace
40:44 Plate Barding Armor
40:25 Chain Mail Armor
40:11 Padded Archer Armor
40:26 Masonry
39:57 Treadmill Crane
40:39 Ballistics
40:16 Murder Holes
39:50 Cavalier
41:53 Conscription
42:09 Hoardings
43:05 Architecture
42:46 Paladin
45:29 Elite Throwing Axeman
45:41 Ordonnance Companies
45:46 Cranequins
46:02 Elite Skirmisher
48:01 Plate Mail Armor
47:47 Leather Archer Armor
47:44 Caravan
49:19 Heavy Mounted Crossbowman
50:12 Squires
49:58 Gambesons
49:35 Pikeman
53:16 Chemistry
52:23 Chivalry
51:44 Elite Throwing Axeman
MikkaTheBold
0:28 Loom
10:06 Feudal Age
11:25 Wheelbarrow
13:33 Double-Bit Axe
15:10 Horse Collar
17:51 Town Watch
18:12 Stone Mining
25:20 Castle Age
23:52 Gold Mining
24:45 Scale Mail Armor
25:59 Fletching
26:27 Thumb Ring
27:43 Hand Cart
28:45 Gold Shaft Mining
29:04 Pikeman
30:03 Heavy Plow
30:57 Bow Saw
31:07 Elite Skirmisher
32:55 Murder Holes
33:20 Treadmill Crane
39:40 Imperial Age
37:49 Bodkin Arrow
38:18 Ballistics
38:50 Forging
39:17 Town Patrol
41:03 Conscription
41:34 Chain Mail Armor
41:20 Bracer
42:39 Two-Man Saw
42:16 Stone Shaft Mining
42:11 Squires
44:18 Siege Engineers
44:52 Iron Casting
44:49 Plate Mail Armor
46:16 Squires
46:49 Fortified Wall
48:38 Chemistry
47:18 Halberdier
65:02 Masonry
64:42 Arson
93arthas
9:57 Feudal Age
10:38 Double-Bit Axe
10:54 Loom
17:18 Castle Age
15:55 Stone Mining
15:54 Horse Collar
20:16 Heavy Plow
29:50 Caravan
34:09 Scale Barding Armor
34:15 Forging
36:02 Wheelbarrow
37:01 Chain Barding Armor
41:30 Imperial Age
39:17 Fortified Wall
40:04 Husbandry
42:38 Conscription
42:55 Heavy Camel Rider
44:01 Light Cavalry
47:08 Plate Barding Armor
46:53 Murder Holes
47:19 Ballistics
50:22 Elite Cataphract
55:44 Logistica
56:07 Crossbowman
57:02 Fletching
57:13 Padded Archer Armor
58:21 Chemistry
64:22 Elite Skirmisher
GUSTAVO SOSA JR.
7:30 Loom
13:12 Feudal Age
11:46 Loom
14:11 Horse Collar
14:21 Double-Bit Axe
22:36 Castle Age
20:49 Gold Mining
23:56 Bow Saw
34:25 Imperial Age
32:49 Scale Mail Armor
32:59 Forging
32:14 Man-at-Arms
32:55 Squires
34:16 Ballistics
34:53 Wheelbarrow
34:07 Long Swordsman
35:07 Chain Mail Armor
35:28 Iron Casting
35:35 Iron Casting
36:02 Legionary
38:31 Blast Furnace
38:25 Heavy Scorpion
40:19 Chemistry
40:13 Town Watch
45:26 Conscription
45:27 Ballistas
48:21 Caravan
49:02 Coinage
49:15 Guilds
57:24 Elite Centurion
60:09 Bloodlines
59:59 Husbandry
60:11 Scale Barding Armor
61:12 Chain Barding Armor
64:27 Plate Barding Armor
Connection lost

Rejoining the realm…

Still unreachable

The connection could not be restored.

Session expired

The server has moved on; the page needs a fresh start.